General information
- name: BNet
- type: Ladder 1vs1/FFA
- host: Battle.net
- saver: wishfulthinking
map: EchoIsles
- players: 2
- length: 12:40
- speed: Fast
- version: 1.24 W3XP
- replay type: Public
» download(60 KB)
Players
team 1 (loser)
RockMe (
orange | 151 APM | 1917 actions | 12:39)
3 Archmage
2 Summon Water Elemental
1 Brilliance Aura
» actions
| Assign group hotkey | 30 | |
| Basic commands | 203 | |
| Build / train | 85 | |
| Enter build submenu | 27 | |
| Enter hero's abilities submenu | 3 | |
| Right click | 867 | |
| Select / deselect | 384 | |
| Select group hotkey | 217 | |
| Use ability | 101 | |
1917 total
» units
» upgrades
» buildings
| Altar of Kings | 1 | |
| Farm | 6 | |
| Barracks | 1 | |
| Lumber Mill | 1 | |
| Scout Tower | 11 | |
| Town Hall | 1 | |
| Guard Tower | 14 | |
| Arcane Vault | 1 | |
| Keep | 4 | |
| Blacksmith | 1 | |
41 total
» build order
00:05 Altar of Kings
00:17 Farm
00:21 Barracks
00:55 Farm
01:41 Farm
03:12 Lumber Mill
03:18 Farm
04:14 Scout Tower
04:21 Town Hall
04:38 Farm
04:54 Guard Tower
04:55 Guard Tower
04:56 Scout Tower
04:58 Arcane Vault
06:26 Scout Tower
06:46 Scout Tower
07:06 Guard Tower
07:07 Scout Tower
08:21 Guard Tower
08:22 Scout Tower
09:17 Scout Tower
09:20 Scout Tower
09:45 Guard Tower
09:45 Scout Tower
10:03 Guard Tower
10:03 Guard Tower
10:22 Guard Tower
10:36 Scout Tower
10:56 Guard Tower
10:56 Guard Tower
11:00 Keep
11:01 Keep
11:01 Keep
11:33 Blacksmith
12:20 Farm
12:32 Scout Tower
» items
| Scroll of Regeneration | 4 | |
| Lesser Clarity Potion | 7 | |
11 total
team 2 (winner)
wishfulthinking (
yellow | 143 APM | 1812 actions | 12:40)
4 Demon Hunter
2 Mana Burn
2 Evasion
3 Pandaren Brewmaster
2 Breath of Fire
1 Drunken Brawler
» actions
| Assign group hotkey | 26 | |
| Basic commands | 34 | |
| Build / train | 50 | |
| ESC pressed | 1 | |
| Enter build submenu | 13 | |
| Enter hero's abilities submenu | 7 | |
| Right click | 958 | |
| Select / deselect | 176 | |
| Select group hotkey | 495 | |
| Use ability | 52 | |
1812 total
» units
| Wisp | 14 | |
| Archer | 10 | |
| Dryad | 3 | |
| Druid of the Claw | 2 | |
29 total
» upgrades
| Improved Bows | 1 | |
| Druid of the Claw Training | 2 | |
| Abolish Magic | 1 | |
| Well Spring | 1 | |
5 total
» buildings
| Altar of Elders | 1 | |
| Moon Well | 6 | |
| Ancient of War | 1 | |
| Ancient of Wonders | 1 | |
| Tree of Ages | 1 | |
| Hunter's Hall | 1 | |
| Ancient of Lore | 2 | |
| Tree of Eternity | 1 | |
14 total
» build order
00:06 Altar of Elders
00:18 Moon Well
00:33 Ancient of War
01:33 Moon Well
02:17 Ancient of Wonders
03:29 Tree of Ages
03:54 Hunter's Hall
04:09 Moon Well
06:05 Ancient of Lore
06:07 Ancient of Lore
06:09 Moon Well
08:11 Tree of Eternity
11:24 Moon Well
12:35 Moon Well
» items
| Scroll of Town Portal | 1 | |
| Potion of Healing | 1 | |
| Staff of Preservation | 1 | |
3 total
Chat log
(00:12 / All) wishfulthinking: gl hf
(00:23 / All) RockMe: gl hf